 Dungeon Crawl Stone Soup version 0.23.1 (webtiles) character file.

Game seed: 11531372169526595861

1395 Borgoz the Skirmisher (level 8, -4/70 HPs)
             Began as a Ghoul Monk on Mar 7, 2019.
             Was a Believer of Ashenzari.
             Slain by Duvessa
             ... wielding a +0 short sword
              (8 damage)
             ... on level 6 of the Dungeon.
             The game lasted 00:10:24 (5730 turns).

Borgoz the Skirmisher (Ghoul Monk)                  Turns: 5730, Time: 00:10:25

Health: -4/70      AC:  6    Str: 15      XL:     8   Next: 68%
Magic:  9/9        EV: 13    Int:  7      God:    Ashenzari [**....]
Gold:   302        SH:  0    Dex:  9 (11) Spells: 5/10 levels left

rFire    + . .     SeeInvis .     - Unarmed
rCold    + + .     Gourm    .   (no shield)
rNeg     + + +     Faith    .   p - +3 leather armour {rC+}
rPois    ∞         Spirit   .   (no helmet)
rElec    .         Reflect  .   (no cloak)
rCorr    .         Harm     .   (no gloves)
MR       .....                  (no boots)
Stlth    +.........             (no amulet)
HPRegen  0.00/turn              o - ring of protection from fire (curse)
MPRegen  0.11/turn              (no ring)

@: about to teleport, rotting
A: rotting body, claws 1, carnivore, cold resistance 1, negative energy
resistance 3, inhibited regeneration, torment resistance, unbreathing
a: Curse Item, Scrying, Renounce Religion


You were on level 6 of the Dungeon.
You worshipped Ashenzari.
Ashenzari was pleased with you.
You were not hungry.

You visited 2 branches of the dungeon, and saw 7 of its levels.

You collected 302 gold pieces.

Inventory:

Hand Weapons
 b - a +0 blowgun
Missiles
 l - 70 poisoned needles
 m - 4 curare-tipped needles
 r - 4 tomahawks (quivered)
Armour
 p - a +3 leather armour of cold resistance (worn)
Jewellery
 o - a cursed ring of protection from fire (left claw)
Wands
 d - a wand of acid (5)
Scrolls
 c - a scroll of amnesia {unknown}
 e - 2 scrolls of remove curse
 g - a scroll of teleportation
 h - 2 scrolls of fog {unknown}
 i - 2 scrolls of magic mapping {unknown}
 j - a scroll of noise {unknown}
 q - 3 scrolls of identify {unknown}
 u - a scroll of enchant weapon {unknown}
 w - a scroll of vulnerability {unknown}
Comestibles
 k - 11 rations


   Skills:
 + Level 5.8 Fighting
 * Level 5.5 Armour
 + Level 4.8 Dodging
 - Level 2.1 Stealth
 + Level 5.8 Unarmed Combat
 + Level 1.5 Spellcasting
 + Level 1.5 Hexes


You had 5 spell levels left.
You knew the following spells:

 Your Spells              Type           Power        Failure   Level  Hunger
b - Ensorcelled Hibernat  Hex/Ice        #.....       47%         2    ###....
c - Confuse               Hex            #.......     58%         3    ####...

Your spell library contained the following spells:

 Spells                   Type           Power        Failure   Level  Hunger
 Corona                   Hex            #......      26%         1    ##.....
 Tukima's Dance           Hex            #.......     58%         3    ####...
 Dazzling Spray           Conj/Hex       #.....       71%         3    ####...


Dungeon Overview and Level Annotations

Branches:
Dungeon (6/15)             Temple (1/1) D:4

Altars:
Ashenzari
Gozag
Sif Muna
Zin

Annotations:
D:6 Dowan, Duvessa


Innate Abilities, Weirdness & Mutations

Your body is rotting away.
You thrive on raw meat.
You are immune to poison.
You have sharp fingernails.
You are carnivorous and can eat meat at any time.
Your flesh is cold resistant. (rC+)
You are immune to negative energy. (rN+++)
You do not regenerate when monsters are visible.
You are immune to unholy pain and torment.
You can survive without breathing.


Message History

You resist with some effort.
You scratch Duvessa but do no damage.
Duvessa is heavily wounded.
Duvessa closely misses you. Dowan hits you but does no damage.
You scratch Duvessa.
Duvessa is severely wounded.
Duvessa hits you with a +0 short sword.
* * * LOW HITPOINT WARNING * * *
Duvessa hits you with a +0 short sword.
* * * LOW HITPOINT WARNING * * *
Dowan hits you but does no damage.
Okay, then.
You aren't carrying any potions.
As you read the scroll of teleportation, it crumbles to dust.
You feel strangely unstable. Duvessa closely misses you.
Dowan casts a spell at you. The puff of flame hits you. You resist.
* * * LOW HITPOINT WARNING * * *
Duvessa hits you with a +0 short sword!
You die...

* , , , , ,
* # ** * *
, * #. .#
*#.######
.. ,, *
#†#...##.#
* , , *
#..e...#* ,
* #..<...#
* * * *
#.@e...# ,
*
#.#...##.#*
*,#.######
*.. * #.
.#* # * * *
,, * , , ,*
* * * , , *
* *


You could see Duvessa and Dowan.

Vanquished Creatures
  Eustachio (D:4)
  A centaur (D:6)
  2 ogres (D:5)
  Blork the orc (D:4)
  A bullfrog (D:6)
  2 howler monkeys
  2 crimson imps (D:5)
  2 orc priests (D:3)
  5 hounds
  An orc wizard (D:4)
  A bullfrog skeleton (D:5)
  An iguana (D:5)
  6 worker ants
  2 hound skeletons
  7 gnolls
  9 adders
  A shadow imp (D:5)
  An ooze (D:4)
  4 worms
  2 dart slugs
  2 leopard geckos
  12 orcs
  5 giant cockroaches
  7 goblins
  9 hobgoblins
  3 jackals (D:4)
  2 quokkas
  2 ball pythons
  11 bats
  A frilled lizard (D:4)
  13 kobolds
  A quokka skeleton (D:4)
  6 rats
126 creatures vanquished.

Notes
Turn   | Place    | Note
-------+----------+-------------------------------------------
     0 | D:1      | Borgoz the Ghoul Monk began the quest for the Orb.
     0 | D:1      | Reached XP level 1. HP: 19/19 MP: 0/0
    95 | D:1      | Reached XP level 2. HP: 17/26 MP: 1/1
   323 | D:1      | Reached skill level 1 in Armour
   484 | D:1      | Reached XP level 3. HP: 16/31 MP: 2/2
   859 | D:2      | Reached XP level 4. HP: 29/40 MP: 3/3
  1460 | D:2      | Found a faded altar of an unknown god.
  1980 | D:3      | Found an opulent altar of Gozag.
  2024 | D:3      | Reached XP level 5. HP: 39/46 MP: 4/4
  2773 | D:3      | Found a glowing silver altar of Zin.
  2919 | D:4      | Reached XP level 6. HP: 48/53 MP: 5/5
  3064 | D:4      | Noticed Eustachio
  3171 | D:4      | Found a shattered altar of Ashenzari.
  3225 | D:4      | Became a worshipper of Ashenzari the Shackled
  3225 | D:4      | Reached * piety under Ashenzari
  3225 | D:4      | Reached ** piety under Ashenzari
  3251 | D:4      | Noticed Blork the orc
  3320 | D:4      | Found a staircase to the Ecumenical Temple.
  3334 | D:4      | Killed Blork the orc
  3464 | Temple   | Entered the Ecumenical Temple
  3558 | D:4      | Killed Eustachio
  3558 | D:4      | Reached XP level 7. HP: 34/59 MP: 6/6
  3725 | D:5      | Entered Level 5 of the Dungeon
  3784 | D:5      | Reached skill level 5 in Fighting
  3784 | D:5      | Reached skill level 5 in Unarmed Combat
  4148 | D:4      | Found a deep blue altar of Sif Muna.
  4385 | D:4      | Learned a level 2 spell: Ensorcelled Hibernation
  4389 | D:4      | Learned a level 3 spell: Confuse
  4502 | D:5      | Reached XP level 8. HP: 60/67 MP: 7/7
  4800 | D:5      | Reached skill level 5 in Armour
  4800 | D:5      | Reached skill level 1 in Spellcasting
  4800 | D:5      | Reached skill level 1 in Hexes
  5709 | D:6      | Noticed Duvessa
  5715 | D:6      | Noticed Dowan
  5730 | D:6      | Slain by Duvessa

Skill      XL: |  1  2  3  4  5  6  7  8 |
---------------+-------------------------+-----
Armour         | 1 2 3 4 5 |  5.5
Dodging        | 3 4 |  4.8
Fighting       | 4 5 |  5.8
Unarmed Combat | 4 5 |  5.8
Spellcasting   | 1 |  1.5
Hexes          | 1 |  1.5
Stealth        | |  2.1

Action                   |  1- 3 |  4- 6 |  7- 9 || total
-------------------------+-------+-------+-------++-------
Melee: Unarmed           |   115 |   225 |   274 ||   614
       Punch             |     2 |     4 |     4 ||    10
Evoke: Wand              |       |       |     3 ||     3
  Use: Potion            |     3 |     2 |     5 ||    10
       Scroll            |       |       |     2 ||     2
 Stab: Sleeping          |     4 |     3 |     2 ||     9
  Eat: Chunk             |     8 |     8 |    25 ||    41
Armor: Robe              |    24 |     6 |       ||    30
       Leather armour    |       |    33 |    85 ||   118
Dodge: Dodged            |    68 |   138 |   235 ||   441
